AoeStats
← tolgaeroglu1414

Arena

510498634Analyzed
1v1 RM · 1d ago on Oct 1, 2026· 32m 29s· 2 players
Game mode
Random Map
Map size
Tiny (2 player)
Population
200
Speed
Normal
Resources
Standard
Victory
Conquest
Starting age
Dark Age
Ending age
Imperial Age
RankedLock teamsTeams togetherTeam positionsShared explorationLock speedFull tech treeHidden civsTurbo modeCheats
Victory
Defeat
🇮🇳 Turks · India
719
+13
🇹🇷 Vikings · Türkiye
654
-13
tolgaeroglu1414
9:52 Feudal Age
10:21 Double-Bit Axe
10:19 Horse Collar
17:15 Castle Age
15:42 Stone Mining
18:14 Bow Saw
18:06 Heavy Plow
17:59 Gold Mining
20:48 Gold Shaft Mining
25:44 Imperial Age
23:40 Treadmill Crane
24:41 Masonry
25:54 Ballistics
25:52 Loom
25:58 Town Watch
27:40 Two-Man Saw
30:33 Architecture
32:10 Scale Barding Armor
IceDragon
11:31 Feudal Age
11:43 Feudal Age
12:53 Loom
16:33 Castle Age
21:56 Imperial Age
24:42 Wheelbarrow
25:06 Double-Bit Axe
25:08 Horse Collar
28:05 Ballistics
27:40 Fletching
27:51 Padded Archer Armor
29:06 Heavy Plow
32:37 Bloodlines
Connection lost

Rejoining the realm…

Still unreachable

The connection could not be restored.

Session expired

The server has moved on; the page needs a fresh start.